 Dungeon Crawl Stone Soup version 0.23.1-37-gaa34b87b72 (webtiles) character file.

Game seed: 7031526932342773606

19874 kubi the Impaler (level 12, -7/144 HPs)
             Began as a Merfolk Gladiator on Mar 20, 2019.
             Was a High Priest of Okawaru.
             Killed from afar by an electric eel (10 damage)
             ... with a bolt of electricity
             ... on level 3 of the Lair of Beasts on Mar 22, 2019.
             The game lasted 03:10:06 (16805 turns).

kubi the Impaler (Merfolk Gladiator)               Turns: 16805, Time: 03:10:08

Health: -7/144     AC: 29    Str: 21    XL:     12   Next: 73%
Magic:  14/14      EV:  2    Int:  8    God:    Okawaru [*****.]
Gold:   769        SH:  7    Dex: 16    Spells: 11/11 levels left

rFire    . . .     SeeInvis .   a - +0 trident
rCold    . . .     Gourm    .   p - +1 buckler {AC+3}
rNeg     + + +     Faith    .   (armour currently unavailable)
rPois    +         Spirit   .   (helmet currently unavailable)
rElec    .         Reflect  .   (cloak currently unavailable)
rCorr    +         Harm     .   (gloves currently unavailable)
MR       .....     NoTele   +   (boots currently unavailable)
Stlth    ++++......             d - amulet of rage
HPRegen  0.34/turn              I - ring of resist corrosion
MPRegen  0.14/turn              O - +3 ring of strength

@: tree-form
A: (change form in water), (swift swim), (stealthy swim)
a: Heroism, Finesse, Renounce Religion, Evoke Berserk Rage


You were on level 3 of the Lair of Beasts.
You worshipped Okawaru.
Okawaru was extremely pleased with you.
You were not hungry.
You were a tree.
You visited 2 branches of the dungeon, and saw 15 of its levels.

You collected 949 gold pieces.
You spent 180 gold pieces at shops.

Inventory:

Hand Weapons
 a - a +0 trident (weapon)
Missiles
 u - 4 silver javelins (quivered)
 S - 3 throwing nets
 V - 5 tomahawks of returning
Armour
 b - a +0 leather armour (melded)
 c - a +0 helmet (melded)
 m - a +0 cloak (melded)
 p - a +1 buckler of protection (worn)
 y - a +2 pair of gloves of dexterity (melded)
 C - a scarf of resistance
Jewellery
 d - an amulet of rage (around neck)
 D - an uncursed ring of flight
 I - a ring of resist corrosion (left branch)
 L - an uncursed ring of wizardry
 O - a +3 ring of strength (right branch)
Wands
 G - a wand of clouds (8)
 Q - a wand of polymorph (6)
 U - a wand of acid (9)
 Y - a wand of iceblast (8)
 Z - a wand of digging (2)
Scrolls
 e - 2 scrolls of enchant weapon {unknown}
 h - 3 scrolls of immolation
 i - 4 scrolls of fear
 l - 8 scrolls of magic mapping
 o - 6 scrolls of remove curse
 s - 7 scrolls of teleportation
 t - 4 scrolls of blinking
 v - 5 scrolls of enchant armour
 E - a scroll of random uselessness {unknown}
 M - 3 scrolls of identify
 N - a scroll of amnesia {unknown}
 R - 2 scrolls of holy word
 T - 3 scrolls of fog {unknown}
Potions
 g - 4 potions of agility
 j - 4 potions of haste
 n - 2 potions of mutation {unknown}
 q - 2 potions of cancellation
 r - 3 potions of might
 x - a potion of invisibility
 z - 2 potions of magic
 A - a potion of ambrosia {unknown}
 B - 2 potions of brilliance
 F - a potion of heal wounds {unknown}
 H - 2 potions of flight
 J - 2 potions of berserk rage {unknown}
 K - 3 potions of curing
Miscellaneous
 W - a crystal ball of energy
 X - a lightning rod (4/4)
Comestibles
 f - 18 rations
 P - a chunk of flesh


   Skills:
 + Level 9.6 Fighting
 + Level 16.1 Polearms
 + Level 6.0 Throwing
 + Level 4.5 Armour
 + Level 10.6 Dodging
 + Level 7.2 Stealth
 + Level 6.2 Shields
 - Level 1.2 Unarmed Combat
 + Level 2.3 Invocations
 + Level 2.8 Evocations


You had 11 spell levels left.
You didn't know any spells.
Your spell library contained the following spells:

 Spells                   Type           Power        Failure   Level  Hunger
 Flame Tongue             Conj/Fire      #....        41%         1    ##.....
 Ensorcelled Hibernation  Hex/Ice        #.....       54%         2    ###....
 Throw Flame              Conj/Fire      #.....       54%         2    ###....
 Conjure Flame            Conj/Fire      #.......     78%         3    ####...
 Inner Flame              Hex/Fire       #.......     78%         3    ####...
 Sticky Flame             Conj/Fire      #.......     99%         4    #####..
 Borgnjor's Vile Clutch   Necr/Erth      #.........   100%        5    ######.
 Fireball                 Conj/Fire      #.........   100%        5    ######.
 Silence                  Hex/Air        #.........   100%        5    ######.
 Darkness                 Hex            #.........   100%        6    #######
 Shadow Creatures         Summ           N/A          100%        6    #######


Dungeon Overview and Level Annotations

Branches:
Dungeon (10/15)            Temple (0/1) D:7            Lair (5/6) D:10
  Swamp (0/4) Lair:3
  Snake: Lair:2-4    Spider: Lair:2-4     Slime: Lair:5-6       Orc: D:9-12

Altars:
Ashenzari
Cheibriados
Dithmenos
Elyvilon
Fedhas
Gozag
Kikubaaqudgha
Makhleb
Nemelex Xobeh
Okawaru
Trog
Vehumet
Wu Jian
Zin

Shops:
D:5 (

Annotations:
D:7 , 2 transporters


Message History

The wolf bites you.
* * * LOW HITPOINT WARNING * * *
You block the water moccasin's attack.
Unknown command.
You puncture the water moccasin!
You kill the water moccasin!
Okawaru accepts your kill. You block the wolf's attack.
You hit the wolf but do no damage. The wolf bites you but does no damage.
You puncture the wolf!
The wolf is heavily wounded.
The wolf bites you but does no damage.
You miss the wolf.
The wolf is heavily wounded.
The wolf bites you but does no damage.
The electric eel shoots out a bolt of lightning at you!
The bolt of electricity hits you!
* * * LOW HITPOINT WARNING * * *
The bolt of electricity hits you!
You die...

#P. §§§♣.# # ....
§§≈≈.# #P ((..
§§≈§.. .(( ...
≈§≈♣.## (. ..♣
§≈≈...#.
##(#+#.♣;≈♣.....
###....##≈♣...?...
......h♣..........
#P...##.###.#P#.##
### ### ##


You could see a wolf and an electric eel.

Vanquished Creatures
  2 hydras (Lair:2)
  Harold (D:10)
  2 two-headed ogres
  6 death yaks
  A cyclops (D:8)
  The ghost of Slothtographer the Grappler, a novice VSFi of Elyvilon (D:7)
  Maurice (D:9)
  Psyche (D:8)
  3 spiny frogs
  A merfolk (D:10)
  3 hippogriffs
  A wyvern (D:9)
  7 yaks
  3 hungry ghosts
  A basilisk (Lair:3)
  5 water moccasins
  2 porcupines
  5 orc warriors
  An ice beast (D:4)
  4 sky beasts
  A black bear (D:10)
  A necrophage (D:9)
  6 centaurs
  8 ogres
  10 wolves
  2 crocodiles
  8 bullfrogs
  A gnoll sergeant (D:8)
  11 big kobolds
  5 scorpions
  4 killer bees
  10 wights
  A howler monkey (D:4)
  8 crimson imps
  13 hounds
  A bullfrog skeleton (D:4)
  2 centaur skeletons
  12 orc priests
  3 jellies
  9 orc wizards
  12 worker ants
  A killer bee zombie (D:10)
  A hound zombie (D:5)
  3 hound skeletons
  5 gnolls (D:6)
  14 adders
  4 shadow imps
  An ooze (D:3)
  An adder skeleton (D:4)
  2 adder zombies
  3 worms
  5 leopard geckos
  39 orcs
  14 bats
  6 giant cockroaches
  4 goblins
  14 hobgoblins
  7 jackals
  8 kobolds
  5 quokkas
  3 ball pythons
  3 frilled lizards
  2 leopard gecko skeletons
  6 rats
  A fungus (Lair:1)
331 creatures vanquished.

Vanquished Creatures (others)
  A kobold (D:9)
  A fungus (Lair:3)
  A plant (Lair:3)
3 creatures vanquished.

Grand Total: 334 creatures vanquished

Notes
Turn   | Place    | Note
-------+----------+-------------------------------------------
     0 | D:1      | kubi the Merfolk Gladiator began the quest for the Orb.
     0 | D:1      | Reached XP level 1. HP: 16/16 MP: 1/1
   178 | D:1      | Reached XP level 2. HP: 22/22 MP: 2/2
   446 | D:1      | Reached skill level 5 in Polearms
   774 | D:2      | Reached XP level 3. HP: 28/28 MP: 3/3
  1254 | D:2      | Found an ancient bone altar of Kikubaaqudgha.
  1285 | D:2      | Reached XP level 4. HP: 34/34 MP: 4/4
  1774 | D:2      | Reached skill level 1 in Stealth
  1853 | D:3      | Reached skill level 1 in Armour
  1906 | D:3      | Reached skill level 6 in Polearms
  2040 | D:3      | Reached XP level 5. HP: 39/40 MP: 5/5
  2159 | D:3      | Found a blossoming altar of Fedhas.
  2680 | D:3      | Reached skill level 5 in Dodging
  3200 | D:4      | Reached XP level 6. HP: 43/47 MP: 6/6
  3230 | D:4      | Reached skill level 7 in Polearms
  3644 | D:4      | Reached skill level 8 in Polearms
  3644 | D:4      | Reached XP level 7. HP: 53/53 MP: 7/7
  3915 | D:5      | Entered Level 5 of the Dungeon
  3962 | D:4      | Reached skill level 9 in Polearms
  4111 | D:5      | Found a white marble altar of Elyvilon.
  4161 | D:5      | Found an ornate altar of the Wu Jian Council.
  4296 | D:5      | Found an opulent altar of Gozag.
  4328 | D:5      | Found an iron altar of Okawaru.
  4373 | D:5      | Reached XP level 8. HP: 61/61 MP: 8/8
  4405 | D:5      | Became a worshipper of Warmaster Okawaru
  4507 | D:5      | Found Zin's Purification Station.
  4512 | D:5      | Found a glowing silver altar of Zin.
  4732 | D:5      | Bought 2 potions of curing for 180 gold pieces
  4802 | D:5      | Found Esytatol's Antique Weapon Shop.
  4814 | D:5      | Found a sparkling altar of Nemelex Xobeh.
  5035 | D:5      | Reached skill level 10 in Polearms
  5351 | D:6      | Reached * piety under Okawaru
  5631 | D:6      | Reached skill level 1 in Shields
  5645 | D:6      | Reached skill level 5 in Fighting
  5645 | D:6      | Reached skill level 11 in Polearms
  6062 | D:6      | Reached XP level 9. HP: 47/68 MP: 9/9
  6606 | D:6      | Reached ** piety under Okawaru
  6734 | D:7      | Found a runed translucent gate.
  6734 | D:7      | Found a runed translucent gate.
  6734 | D:7      | Found a runed translucent gate.
  6765 | D:7      | Reached skill level 12 in Polearms
  6801 | D:7      | Noticed Slothtographer's ghost (novice VSFi)
  6802 | D:7      | Identified the +2 whip of Profit {drain, Dex+2}
  6938 | D:7      | Reached skill level 5 in Stealth
  7107 | D:7      | Found a staircase to the Ecumenical Temple.
  7788 | D:7      | Found a radiant altar of Vehumet.
  7792 | D:7      | Noticed a two-headed ogre
  7793 | D:7      | Found a bloodstained altar of Trog.
  7794 | D:7      | Found a shattered altar of Ashenzari.
  7797 | D:7      | Found a transporter.
  7809 | D:7      | Found a transporter.
  7963 | D:7      | Reached skill level 13 in Polearms
  8255 | D:7      | Killed Slothtographer's ghost
  8255 | D:7      | Reached *** piety under Okawaru
  8255 | D:7      | Reached XP level 10. HP: 72/77 MP: 7/10
  8288 | D:7      | Reached skill level 14 in Polearms
  8303 | D:7      | Received a gift from Okawaru
  8541 | D:8      | Reached skill level 1 in Unarmed Combat
  8575 | D:8      | Noticed Psyche
  8649 | D:8      | Killed Psyche
  8826 | D:8      | Found a large runed translucent door.
  8826 | D:8      | Found a large runed translucent door.
  8831 | D:8      | Noticed a two-headed ogre
  8838 | D:8      | Found a large runed translucent door.
  8838 | D:8      | Found a large runed translucent door.
  8862 | D:8      | Killed a two-headed ogre
  8862 | D:8      | Reached **** piety under Okawaru
  8862 | D:8      | Reached skill level 1 in Invocations
  8993 | D:8      | Noticed a cyclops
  9253 | D:8      | Killed a cyclops
  9319 | D:8      | Reached XP level 11. HP: 84/84 MP: 11/11
  9323 | D:8      | Found a shadowy altar of Dithmenos.
  9680 | D:9      | Noticed Maurice
  9705 | D:9      | Killed Maurice
 10192 | D:9      | Found a snail-covered altar of Cheibriados.
 10194 | D:9      | Found a burning altar of Makhleb.
 10282 | D:9      | Reached skill level 15 in Polearms
 10443 | D:9      | Found a shattered altar of Ashenzari.
 10494 | D:10     | Entered Level 10 of the Dungeon
 10494 | D:10     | Noticed a death yak
 10494 | D:10     | Noticed a death yak
 10654 | D:9      | Reached ***** piety under Okawaru
 10785 | D:9      | Noticed a two-headed ogre
 10802 | D:9      | Killed a two-headed ogre
 11098 | D:10     | Noticed a death yak
 11121 | D:10     | Noticed a death yak
 11168 | D:10     | Killed a death yak
 11204 | D:10     | Noticed a death yak
 11228 | D:10     | Noticed a death yak
 11272 | D:9      | Killed a death yak
 11847 | D:9      | Killed a death yak
 12128 | D:8      | Killed a death yak
 12128 | D:8      | Reached skill level 5 in Shields
 12501 | D:9      | Killed a death yak
 12501 | D:9      | Received a gift from Okawaru
 12525 | D:9      | Reached XP level 12. HP: 76/94 MP: 13/13
 12549 | D:9      | Killed a death yak
 12549 | D:9      | Reached skill level 1 in Evocations
 12609 | D:10     | Reached skill level 10 in Dodging
 12706 | D:10     | Found a staircase to the Lair.
 13125 | D:10     | Noticed Harold
 13159 | D:10     | Killed Harold
 13159 | D:10     | Received a gift from Okawaru
 13159 | D:10     | Reached skill level 5 in Throwing
 13176 | D:10     | Reached ****** piety under Okawaru
 13435 | Lair:1   | Entered Level 1 of the Lair of Beasts
 13581 | Lair:1   | Reached skill level 16 in Polearms
 14436 | D:10     | Received a gift from Okawaru
 15371 | Lair:2   | Noticed a four-headed hydra
 15388 | Lair:2   | Killed a four-headed hydra
 16180 | Lair:3   | Noticed a four-headed hydra
 16203 | Lair:2   | Killed a four-headed hydra
 16712 | Lair:3   | You fall through a shaft for 2 floors!
 16722 | Lair:4   | Noticed a six-headed hydra
 16725 | Lair:4   | Noticed an eight-headed hydra
 16730 | Lair:3   | Found a staircase to the Swamp.
 16805 | Lair:3   | HP: 3/144 [electric eel/bolt of electricity (16)]
 16805 | Lair:3   | Killed from afar by an electric eel

Skill      XL: |  1  2  3  4  5  6  7  8  9 10 11 12 |
---------------+-------------------------------------+-----
Polearms       | 5 6 8 9 11 13 14 15 16 | 16.1
Stealth        | 1 2 4 5 6 7 |  7.2
Armour         | 1 2 3 4 |  4.5
Fighting       | 3 4 5 6 7 8 9 |  9.6
Dodging        | 5 6 7 8 9 10 | 10.6
Shields        | 1 2 3 5 6 |  6.2
Unarmed Combat | 1 |  1.2
Invocations    | 1 2 |  2.3
Throwing       | 4 6 |  6.0
Evocations     | 2 |  2.8

Action                   |  1- 3 |  4- 6 |  7- 9 | 10-12 || total
-------------------------+-------+-------+-------+-------++-------
Melee: Trident           |   120 |   209 |   608 |   776 ||  1713
       Unarmed           |       |       |       |    22 ||    22
Throw: Throwing net      |       |     2 |     1 |     3 ||     6
       Javelin           |       |       |       |    75 ||    75
       Tomahawk          |       |       |       |    52 ||    52
Invok: Heroism           |       |       |     3 |    17 ||    20
 Abil: Evoke Berserk Rag |       |       |       |     5 ||     5
Evoke: Wand              |       |       |     1 |     7 ||     8
       Lightning rod     |       |       |       |     1 ||     1
  Use: Scroll            |       |     5 |     5 |     9 ||    19
       Potion            |       |       |     5 |     3 ||     8
 Stab: Sleeping          |     3 |     3 |    12 |     6 ||    24
       Held in net/web   |       |     1 |     1 |     2 ||     4
       Distracted        |       |       |     2 |     1 ||     3
       Confused          |       |       |       |     1 ||     1
  Eat: Chunk             |     1 |     8 |    13 |    16 ||    38
       Ration            |       |       |     1 |     5 ||     6
Armor: Leather armour    |    25 |    55 |    74 |    90 ||   244
       Skin              |       |       |       |    43 ||    43
Dodge: Dodged            |    62 |   129 |   244 |   394 ||   829
Block: Buckler           |       |       |    61 |   203 ||   264
       Reflection        |       |       |       |     9 ||     9
       Other             |       |       |       |     1 ||     1
